details: 'tc-pimpHH'

« prev index next »

General information

Mini Map

Players

team 1
OrcbLinn (purple | 130 APM | 2169 actions | 16:38)
Hero icon 7 Tauren Chieftain
Ability icon 3 War Stomp
Ability icon 3 Endurance Aura
Ability icon 1 Reincarnation

» actions
Assign group hotkey68
Basic commands11
Build / train102
Enter build submenu17
Enter hero's abilities submenu10
Give item / drop item1
Remove unit from queue3
Right click1185
Select / deselect415
Select group hotkey279
Use ability78
2169 total
» units
Peon12
Troll Headhunter/Berserker41
Forest Troll Shadow Priest1
Forest Troll Berserker1
55 total
» upgrades
Ranged Weapons2
Armor2
Troll Regeneration1
Berserker Upgrade1
6 total
» buildings
Altar of Storms1
Orc Burrow8
War Mill1
Barracks2
Voodoo Lounge1
Great Hall1
Stronghold4
Fortress4
22 total
» build order
00:02 Altar of Storms
00:10 Orc Burrow
00:43 War Mill
01:20 Barracks
01:42 Orc Burrow
02:11 Barracks
02:28 Voodoo Lounge
04:13 Orc Burrow
06:36 Great Hall
06:50 Stronghold
06:50 Stronghold
06:50 Stronghold
10:58 Fortress
10:58 Fortress
10:59 Fortress
10:59 Fortress
16:05 Orc Burrow
16:05 Orc Burrow
16:06 Orc Burrow
16:06 Orc Burrow
16:06 Orc Burrow
» items
Healing Salve1
Lesser Clarity Potion2
Scroll of Speed1
Boots of Speed1
Gloves of Haste1
Scroll of Town Portal1
7 total
team 2
UndeadBRAUMS (pink | 116 APM | 1924 actions | 16:36)
Hero icon 3 Dreadlord
Ability icon 2 Sleep
Ability icon 1 Vampiric Aura

» actions
Assign group hotkey23
Basic commands105
Build / train66
ESC pressed2
Enter build submenu27
Enter hero's abilities submenu3
Right click911
Select / deselect519
Select group hotkey206
Use ability62
1924 total
» units
Acolyte19
Ghoul18
Necromancer8
Meatwagon2
Obsidian Statue4
Banshee1
52 total
» upgrades
Necromancer Training1
Destroyer Form1
Ghoul Frenzy1
3 total
» buildings
Crypt1
Ziggurat3
Altar of Darkness1
Necropolis1
Tomb of Relics1
Halls of the Dead1
Graveyard1
Nerubian Tower1
Temple of the Damned1
Slaughterhouse1
Black Citadel1
13 total
» build order
00:07 Crypt
00:08 Ziggurat
00:33 Altar of Darkness
01:00 Necropolis
01:42 Tomb of Relics
02:31 Ziggurat
03:07 Halls of the Dead
03:51 Graveyard
05:06 Nerubian Tower
07:12 Temple of the Damned
08:10 Slaughterhouse
10:09 Ziggurat
11:03 Black Citadel
» items
Potion of Mana1
Potion of Healing3
4 total
observers
TIMG4STRok, greedoFthenoob, TALONSAREIMBA, jerund